[Event "*** Titled Tuesday Blitz"]
[Site "Chess.com"]
[Date "2020.04.14"]
[Round "3"]
[White "ApacheSVD"]
[Black "IMinTheWings"]
[Result "1-0"]
[WhiteElo "2375"]
[BlackElo "2174"]
[TimeControl "180+1"]
[EndTime "10:29:39 PDT"]
[Termination "ApacheSVD won by checkmate"]

1. e4 e6 2. d4 d5 3. Nd2 c5 4.
exd5 Qxd5 5. Ngf3 cxd4 6. Bc4 Qd7 7. O-O a6 8. a4 Nc6 9. Nb3 Bd6 10.
Nbxd4 Nxd4 11. Qxd4 f6 12. Re1 e5 13. Bb3 Ne7 14.
Qc4 Nc6 15. Be3 Na5 16. Qd5 Nxb3 17. Qxb3 Qe6 18. c4 O-O 19. Rad1 Bc7 20. Qc2 b6 21. b4 Bb7 22. c5 Qg4 23. Qb3+ Kh8 24. h3 Qg6 25. Nh4 Qh5 26. cxb6 Bxb6 27. Bxb6 Qxh4 28. Rd7 Bc6 29. Rc7 Rac8 30. b5 axb5 31. Rxc8 Rxc8 32. axb5 Ba8 33. Rd1 Qe4 34. f3 Qe2 35. Ba5 e4 36.
Re1 Qc4 37. Qxc4 Rxc4 38. fxe4 Rxe4 39. Rd1 Re8 40. Rd7 h6 41. b6 Rb8 42. Kf2 Kh7 43.
g4 Bc6 44. Rc7 Bd5 45. Ke3 h5 46. gxh5 f5 47. Kf4 Be4 48. Bc3 Rg8 49. Kg5 Kh8 50.
h6 Kh7 51. Rxg7+ Rxg7+ 52. hxg7 Bb7 53. Kf6 Be4 54. Ke7 Kg8 55. Kf6 f4 56. Bd4 f3 57.
h4 f2 58. Bxf2 Bb7 59. Bd4 Bh1 60. h5 Be4 61. h6 Kh7 62. Kf7 Bd5+ 63. Kf8 Bb7 64.
g8=Q+ Kxh6 65. Qg7+ Kh5 66. Qxb7 Kh4 67. Qe4+ Kh3 68.
b7 Kh2 69. b8=Q+ Kh3 70. Qb3+ Kh2 71. Qec2+ Kh1 72. Qbb1# 1-0

[Event "*** Titled Tuesday Blitz"]
[Site "Chess.com"]
[Date "2020.04.14"]
[Round "3"]
[White "IMTominho"]
[Black "Stewie_89"]
[Result "1-0"]
[WhiteElo "2851"]
[BlackElo "2633"]
[TimeControl "180+1"]
[EndTime "10:29:43 PDT"]
[Termination "IMTominho won by resignation"]

1. d4 d5 2. c4 dxc4 3. e4 Nf6 4. e5 Nd5 5. Bxc4 Nb6 6. Bd3 Nc6 7. Ne2 e6 8. Nbc3 Nb4 9. Be4 N4d5 10. Nf4 c6 11. O-O Be7 12. Qd3 h6 13. Nh5 g6 14. Ng3 Nxc3 15.
bxc3 Nd5 16. Rd1 b5 17. c4 bxc4 18. Qxc4 Bd7 19. Bf3 Kf8 20. Ne4 Kg7 21. a4 Rb8 22.
a5 Rb4 23. Qc2 Rb5 24. Bd2 Qc7 25. Be2 Rbb8 26. Nc5 Bxc5 27. Qxc5 Rb2 28. Rab1 Rhb8 29. Rxb2 Rxb2 30. Bxh6+ Kxh6 31. Qc1+ Kg7 32. Qxb2 Qxa5 33. Bf3 Bc8 34. Ra1 Qc7 35. h4 a5 36. Qd2 Nb4 37.
Qc3 Qd7 38. Rxa5 Nd5 39. Qd2 Qb7 40. h5 gxh5 41. Qg5+ Kf8 42. Bxh5 Bd7 43. Ra3 Qb1+ 44. Kh2 Be8 45. Rg3 Qe4 46. Rg4 Qe1 47. Rh4 Qxf2 48. Bf3 f6 49. Rh8+ Ke7 50. exf6+ Kd7 51. Rh7+ Kd6 52. f7 Bxf7 53. Rxf7 Qxd4 54. Qg3+ Kc5 55. Qg4 Qh8+ 56. Qh5 Qb8+ 57. g3 Qb2+ 58. Bg2 e5 59. Qf3 Qd4 60. Rf5 e4 61. Qxe4 Qd2 62. Qf3 Qh6+ 63.
Qh5 Qc1 64. Rxd5+ cxd5 65. Qxd5+ Kb4 66. Qe4+ Kc5 67. Qc6+ Kd4 68. Qxc1 1-0

[Event "*** Titled Tuesday Blitz"]
[Site "Chess.com"]
[Date "2020.04.14"]
[Round "3"]
[White "Faqade"]
[Black "ViIIagra"]
[Result "1-0"]
[WhiteElo "2636"]
[BlackElo "2799"]
[TimeControl "180+1"]
[EndTime "10:29:45 PDT"]
[Termination "Faqade won by resignation"]

1. e4 c5 2. Nf3 d6 3. d4 cxd4 4.
Nxd4 Nf6 5. Nc3 Nc6 6. f3 e5 7. Nb3 Be7 8. Be3 Be6 9. Qe2 Qc8 10. O-O-O O-O 11. g4 a5 12. g5 Nd7 13. a3 a4 14.
Nd2 Nd4 15. Bxd4 exd4 16. Nb5 Bxg5 17. Nxd4 Ne5 18. Kb1 Qc5 19. h4 Bf4 20. Nxe6 fxe6 21. Nc4 Nxc4 22. Qxc4 Qxc4 23. Bxc4 Kf7 24. h5 Ra5 25.
Rh4 Bh6 26. Rxd6 Ke7 27. Rxe6+ Kd7 28. Rh3 Rc5 29. Bd5 Rb8 30. Rh1 Rf8 31. Rf1 Rf4 32.
Rb6 Rc7 33. Bxb7 Rh4 34. Bd5 Rxh5 35. Rd1 Ke7 36. Re6+ Kf8 37. c3 g6 38. Bc6 Kg7 39.
Bxa4 Rh3 40. Rd3 Bf4 41. e5 h5 42. Re8 Rh1+ 43. Ka2 h4 44. e6 h3 45. e7 Re1 46. Rdd8 Rexe7 47. Rxe7+ Rxe7 48. Rd1 h2 49. Rh1 Re2 50. Bc6 Be5 51. Kb3 Bf4 52. a4 Rg2 53. a5 Rg1 54. Rxh2 Bxh2 55. a6 Ra1 56. Ba4 Bg1 57. Kb4 Ra2 58. b3 Kf6 59. c4 Rc2 60. Kb5 Re2 61. c5 Re7 62. b4 Ke5 63. Kb6 Kd5 64. a7 Rxa7 65. Kxa7 Kc4 66. Kb7 Kxb4 67. c6 Bh2 68. Bc2 g5 69. Bf5 Kc5 70. Bg4 1-0

[Event "*** Titled Tuesday Blitz"]
[Site "Chess.com"]
[Date "2020.04.14"]
[Round "3"]
[White "Klavdia_Nik"]
[Black "VinzentSpitzl"]
[Result "0-1"]
[WhiteElo "2130"]
[BlackElo "2339"]
[TimeControl "180+1"]
[EndTime "10:29:45 PDT"]
[Termination "VinzentSpitzl won by resignation"]

1. Nf3 d5 2. c4 e6 3. b3 Nf6 4.
Bb2 Be7 5. g3 O-O 6. Bg2 c5 7.
O-O Nc6 8. d3 d4 9. Nbd2 e5 10.
b4 cxb4 11. a3 bxa3 12. Bxa3 Bxa3 13. Rxa3 Qd6 14. Ra1 Bd7 15. Ng5 a5 16. Qb3 Nb4 17. Rfc1 Rfb8 18. Qa3 Qf8 19. h3 Bc6 20. Ngf3 Qe8 21.
Rab1 b6 22. Kh2 Nd7 23. Ne1 Bxg2 24. Nxg2 Nc5 25. f3 Qa4 26. Ra1 Qxa3 27. Rxa3 Ra7 28.
Ne4 Nxe4 29. fxe4 f6 30. Ne1 Kf7 31. Nc2 Nxc2 32. Rxc2 b5 33. cxb5 Rxb5 34. Rca2 g6 35. g4 Ke6 36. Kg3 f5 37. gxf5+ gxf5 38. exf5+ Kxf5 39. Kf3 Ke6 40. e4 dxe3 41. Kxe3 Kd5 42. h4 h5 43. Rg2 Rb4 44. Rg8 Rxh4 45. Rd8+ Ke6 46. Re8+ Kf6 47. Rf8+ Ke7 48. Rf5 Ke6 49. Rf8 Rh3+ 50. Ke4 Rh4+ 51. Ke3 Rb4 52. Rh8 h4 53.
Rh6+ Kf5 54. Rh5+ Kf6 55. Rh8 Kg5 56. Rg8+ Kh5 57. Re8 Kg4 58. Rxe5 h3 59. Ra1 h2 60. Re8 a4 61. Rg8+ Kh3 62. Rh8+ Rh4 63. Rxh4+ Kxh4 64. Kf3 Kh3 65. Ke4 a3 66. d4 Kg2 67.
Ke5 h1=Q 68. Rxh1 Kxh1 0-1

[Event "*** Titled Tuesday Blitz"]
[Site "Chess.com"]
[Date "2020.04.14"]
[Round "3"]
[White "Sanan_Sjugirov"]
[Black "JiaHaoxiang"]
[Result "1-0"]
[WhiteElo "2831"]
[BlackElo "2624"]
[TimeControl "180+1"]
[EndTime "10:29:46 PDT"]
[Termination "Sanan_Sjugirov won by checkmate"]

1. d4 d5 2. Nf3 Nf6 3. Bf4 e6 4.
e3 Bd6 5. Nbd2 Bxf4 6. exf4 c5 7. dxc5 Qc7 8. g3 Qxc5 9. Bd3 O-O 10. c3 b6 11. Qe2 a5 12. Nb3 Qc7 13. Nbd4 Nbd7 14. O-O Nc5 15. Bb5 Ba6 16. Bxa6 Nxa6 17. Ne5 Nc5 18. Rfe1 a4 19. Rad1 Nfe4 20. a3 Nd7 21. Nxd7 Qxd7 22. Nf3 Qc7 23. h4 Rad8 24. Kg2 Nd6 25. Nd4 Qc4 26. Qc2 b5 27. Nf3 Qc6 28.
Kg1 h6 29. Ne5 Qb7 30. Qe2 Nc4 31. Nf3 Rfe8 32. Ne5 Qc7 33. Rd4 Nxe5 34. fxe5 Rb8 35.
Red1 Rb7 36. h5 Qe7 37. Kg2 Qg5 38. Rg4 Qe7 39. Rb4 Reb8 40. Rdd4 Qc7 41. Rg4 Kh8 42. Rgf4 Qc6 43. Rfd4 Qc5 44. Qe3 Qc7 45. g4 Qe7 46.
f4 Qh4 47. Qg3 Qxg3+ 48. Kxg3 Kg8 49. g5 Kh7 50. Kg4 Rc8 51. f5 hxg5 52. Kxg5 Rc4 53. Rf4 Rxb4 54. Rxb4 Rb6 55. f6 Rb8 56. fxg7 Kxg7 57.
h6+ Kh7 58. Kf6 Rb7 59. Rg4 Rb6 60. Rg7+ Kxh6 61. Rxf7 d4 62. cxd4 b4 63. Re7 bxa3 64. bxa3 Kh5 65. Rxe6 Rb3 66. Ra6 Rxa3 67. e6 Rf3+ 68.
Ke7 a3 69. d5 Rb3 70. d6 Kg6 71. d7 Rb7 72. Rxa3 Kf5 73. Rf3+ Ke4 74. Rh3 Kd5 75.
Rh5+ Kc6 76. Ke8 Rb8+ 77. d8=Q Rxd8+ 78. Kxd8 Kd6 79. e7 Ke6 80. e8=Q+ Kf6 81. Qe5+ Kf7 82. Rh7+ Kg6 83. Rg7+ Kh6 84. Qg5# 1-0

[Event "*** Titled Tuesday Blitz"]
[Site "Chess.com"]
[Date "2020.04.14"]
[Round "3"]
[White "hazy13"]
[Black "Philosopherrr"]
[Result "0-1"]
[WhiteElo "2201"]
[BlackElo "2432"]
[TimeControl "180+1"]
[EndTime "10:29:46 PDT"]
[Termination "Philosopherrr won on time"]

1. d4 Nf6 2. c4 e6 3. g3 c5 4. d5 exd5 5. cxd5 d6 6. Nc3 g6 7.
Bg2 Bg7 8. Nf3 O-O 9. O-O Re8 10. Nd2 Nbd7 11. e4 Ne5 12. f4 Nd3 13. Qc2 Nxc1 14.
Raxc1 Ng4 15. Nc4 a6 16. a4 Bd4+ 17. Kh1 Ne3 18. Nxe3 Bxe3 19. Rce1 Bd4 20. Qd3 Bg7 21. Qf3 f5 22. e5 dxe5 23. fxe5 Rxe5 24. Qf4 Qd6 25. Re2 Bd7 26. Rfe1 Rae8 27. h4 b5 28. axb5 axb5 29. h5 b4 30. Nd1 Bb5 31. Re3 Kf7 32. Nf2 Bf6 33. hxg6+ hxg6 34. Nh3 Kg7 35. Kh2 Bd7 36. Ng5 Qe7 37. Rxe5 Bxe5 38. Qd2 Rh8+ 39. Kg1 Qf6 40. Nf3 Bd6 41. Qe3 Re8 42. Qd2 Rxe1+ 43.
Qxe1 Qxb2 44. Ng5 Qd4+ 45. Kh2 Qe5 46. Qf2 c4 47. Ne6+ Bxe6 48. dxe6 Qxe6 49. Qa7+ Kf6 50. Qd4+ Be5 51. Qc5 c3 52. Qf8+ Kg5 53. Qd8+ Bf6 54. Qb6 Qe2 55. Qxb4 Qg4 56. Qc5 Qh5+ 57. Kg1 Qd1+ 58.
Kh2 Qh5+ 59. Kg1 Kh6 60. Qe3+ Kh7 61. Qd3 Bg7 62. Qc4 Qg5 63. Kf2 Qd2+ 64. Kg1 c2 0-1

[Event "*** Titled Tuesday Blitz"]
[Site "Chess.com"]
[Date "2020.04.14"]
[Round "3"]
[White "SPEEDSKATER"]
[Black "Agent-JL"]
[Result "1-0"]
[WhiteElo "2828"]
[BlackElo "2565"]
[TimeControl "180+1"]
[EndTime "10:29:47 PDT"]
[Termination "SPEEDSKATER won on time"]

1. d4 Nf6 2. c4 b6 3. g3 Bb7 4.
Nf3 g6 5. Bg2 e6 6. Nc3 Bg7 7.
Qc2 d5 8. cxd5 exd5 9. O-O O-O 10. Bg5 h6 11. Bf4 Na6 12. Rfd1 c6 13. Ne5 g5 14. Bd2 Nd7 15. Nxd7 Qxd7 16. e4 Bxd4 17. exd5 c5 18. Be3 Bg7 19. d6 Nb4 20. Qe2 Bxg2 21. Kxg2 Nc6 22. h4 g4 23. Bf4 Rae8 24. Qc4 Nd4 25.
Qd5 Re6 26. Re1 Rfe8 27. Rxe6 Rxe6 28. Rd1 Re8 29. Kf1 Kh7 30. a4 Nf3 31. Kg2 Nd4 32. Qc4 Qc6+ 33. Qd5 Qd7 34. b4 Ne6 35. Qf5+ Kg8 36.
Nd5 Nxf4+ 37. Qxf4 Be5 38. Ne7+ Rxe7 39. dxe7 Qc6+ 40.
Kg1 Bxf4 41. Rd8+ Kg7 42. e8=Q Qxe8 43. Rxe8 Bd6 44. bxc5 Bxc5 45. Ra8 a5 46. Kf1 Kf6 47. Rd8 Kf5 48. Ke2 f6 49. Rh8 Kg6 50. Re8 Kf5 51. Rd8 Kg6 52. Rd5 Kf7 53. h5 Ke6 54. Rd8 Kf7 55. Rh8 Kg7 56. Rc8 f5 57. Re8 Kf6 58. Rg8 f4 59. Rg6+ Kf5 60. Rxh6 Kg5 61.
Rh8 fxg3 62. fxg3 Bd4 63. Rh7 Bc5 64. h6 Kg6 65. Rh8 Bd4 66. Rd8 Bf6 67. Rd6 Kg5 68. h7 Bc3 69. Rxb6 Kh5 70. Kd3 Ba1 71. Ke4 Bc3 72.
Rb5+ 1-0

[Event "*** Titled Tuesday Blitz"]
[Site "Chess.com"]
[Date "2020.04.14"]
[Round "3"]
[White "SavelijTartakover"]
[Black "plumalka"]
[Result "1-0"]
[WhiteElo "2598"]
[BlackElo "2377"]
[TimeControl "180+1"]
[EndTime "10:29:47 PDT"]
[Termination "SavelijTartakover won by resignation"]

1. d4 Nf6 2. c4 c5 3. d5 b5 4. Qc2 bxc4 5. e4 d6 6. Bxc4 g6 7. h3 Bg7 8. Nf3 Nbd7 9. O-O Nb6 10. Na3 O-O 11. Rb1 Nfd7 12. b3 Nxc4 13. bxc4 Qa5 14. Rb3 Ba6 15. Bb2 Rab8 16. Bxg7 Kxg7 17. Rfb1 Nb6 18.
e5 Qa4 19. exd6 exd6 20. Nd2 Qa5 21. Ne4 Rbd8 22. Nb5 Bxb5 23. Rxb5 Qa3 24. R5b3 Qa4 25. Qb2+ f6 26. Ra3 Qxc4 27. Rxa7+ Kh6 28. Nxf6 Nxd5 29. Rxh7+ Kg5 30. Nxd5 Qd4 31. Qc1+ Kf5 32. Ne7+ Ke6 33. Rb2 d5 34. Re2+ Kd6 35. Qa3 Ra8 36. Qg3+ Qf4 37. Qxf4+ Rxf4 38. Nxg6 Rf6 39. Nh4 d4 40.
Nf3 Kd5 41. Rh4 Kc4 42. Rd2 Kc3 43. Rd1 Kc2 44. Rf1 Rxa2 45. Nxd4+ cxd4 46. Rxd4 Kc3 47. Rg4 Kd3 48. Rg8 Ra5 49. Re8 Raf5 50. Re3+ Kd4 51. Re7 Rg5 52. g3 Rf3 53. Kg2 Rd3 54. Rfe1 Kc5 55.
R7e5+ Rd5 56. Rxg5 Rxg5 57. h4 Rg6 58. Rc1+ Kd6 59.
Re1 Rg7 60. Re3 Rg6 61. Rf3 Rh6 62. Rf4 Ke6 63. Kf3 Rg6 64. Re4+ Kf7 65. Rf4+ Ke6 66. g4 Rg8 67. g5 Rb8 68. Kg4 Rb3 69. Rf6+ Ke7 70. f4 Rb1 71. h5 Rg1+ 72. Kf5 Rb1 73. h6 Rb5+ 74. Kg6 Rb8 75. h7 Rh8 76. Kg7 Rxh7+ 77. Kxh7 1-0

[Event "*** Titled Tuesday Blitz"]
[Site "Chess.com"]
[Date "2020.04.14"]
[Round "3"]
[White "ElliPaehtz"]
[Black "ARMQUEEN"]
[Result "1-0"]
[WhiteElo "2532"]
[BlackElo "2239"]
[TimeControl "180+1"]
[EndTime "10:29:48 PDT"]
[Termination "ElliPaehtz won by resignation"]

1. d4 Nf6 2. Nf3 e6 3. Bf4 c5 4. e3 Nc6 5. c3 d5 6. Nbd2 Qb6 7. Qb3 Qxb3 8. axb3 Be7 9. h3 O-O 10. Bb5 Bd7 11. Bd3 Rfc8 12. Ke2 Be8 13. Ra2 Nd7 14. Rha1 f6 15. Bg3 a6 16. dxc5 Nxc5 17. Bb1 Bh5 18. b4 Nd7 19. b5 Ncb8 20. Bh2 e5 21. g4 Bf7 22. Bf5 Rd8 23. bxa6 Nxa6 24. Ra5 Rac8 25.
Rb5 Rc7 26. g5 Ndb8 27. gxf6 gxf6 28. Rb6 Bh5 29. Bg4 Bxg4 30. hxg4 h6 31. Nh4 Kf7 32. Nf5 Bf8 33. Bg3 Nc6 34. Rh1 Kg6 35. Rb5 Ne7 36. Nh4+ Kf7 37. Ra5 Rc5 38. Raa1 d4 39. Ne4 Rb5 40.
Ra2 d3+ 41. Kf3 d2 42. Rd1 Rbd5 43. Nf5 Nc5 44. Nxc5 Rxc5 45. Ke2 Nxf5 46. gxf5 e4 47. Rxd2 Rxd2+ 48. Kxd2 Rxf5 49. Ra7 Rb5 50. b4 Ke6 51. Ra8 Bd6 52. Re8+ Kd7 53. Rh8 Bxg3 54. fxg3 Rh5 55.
c4 Rh3 56. g4 Rh4 57. Kc3 Rh3 58. Kd4 Rh4 59. Kxe4 Rxg4+ 60. Kd5 Rg5+ 61. Kd4 Rg4+ 62. Kd5 Rg6 63. e4 Rg5+ 64. Kd4 h5 65. Rh7+ Kc6 66. b5+ Kb6 67. Rh6 Rg1 68. Rxf6+ Ka5 69. Rh6 Rd1+ 70.
Kc5 Rh1 71. e5 h4 72. e6 h3 73. Rh8 b6+ 74. Kc6 Kb4 75. e7 Re1 76. e8=Q 1-0

[Event "*** Titled Tuesday Blitz"]
[Site "Chess.com"]
[Date "2020.04.14"]
[Round "3"]
[White "AwareIdea"]
[Black "AtabayevSaparmyrat"]
[Result "1/2-1/2"]
[WhiteElo "2543"]
[BlackElo "2780"]
[TimeControl "180+1"]
[EndTime "10:29:49 PDT"]
[Termination "Game drawn by repetition"]

1. d4 Nf6 2. Bf4 d5 3. e3 Bf5 4. c4 e6 5. Nc3 c6 6. Qb3 Qb6 7. c5 Qxb3 8. axb3 Nbd7 9. b4 Nh5 10. Bg3 Nxg3 11. hxg3 Be7 12. b5 O-O 13. b4 cxb5 14.
Bxb5 Nf6 15. Nf3 a6 16. Be2 Nd7 17. Kd2 f6 18. Bd3 Bxd3 19. Kxd3 Rfd8 20. Ke2 Rac8 21. Rhb1 Nf8 22. b5 axb5 23. Rxb5 Rd7 24. Rab1 Rcc7 25. R5b3 Ng6 26. Nb5 Rc8 27. Nc3 Rcc7 28. Ra1 e5 29. Ra7 Kf7 30. Nb5 Rc8 31. Nc3 Rcc7 32. Na4 Nf8 33. Nb6 Rd8 34. Na4 Rdd7 35. dxe5 Ne6 36. exf6 gxf6 37. Nd4 Nxc5 38. Nxc5 Bxc5 39. Ra8 Bxd4 40.
exd4 Re7+ 41. Kf3 Rc4 42. Rb8 Rxd4 43. R8xb7 Rxb7 44. Rxb7+ Kg6 45. Rd7 Rd1 46. Ke2 Rd4 47. Ke3 Re4+ 48. Kd3 Re5 49. f4 Re1 50. Rxd5 Rg1 51. Ke3 Rxg2 52. Kf3 Ra2 53. g4 Ra3+ 54. Kg2 Ra4 55. Kf3 Ra3+ 56. Kg2 Rc3 57. Rd7 Ra3 58. Rd5 1/2-1/2

[Event "*** Titled Tuesday Blitz"]
[Site "Chess.com"]
[Date "2020.04.14"]
[Round "3"]
[White "hitaman"]
[Black "Alexander_Donchenko"]
[Result "1/2-1/2"]
[WhiteElo "2655"]
[BlackElo "2862"]
[TimeControl "180+1"]
[EndTime "10:29:51 PDT"]
[Termination "Game drawn by repetition"]

1. e4 c6 2. Nc3 d5 3. Nf3 dxe4 4. Nxe4 Nf6 5. Nxf6+ exf6 6. Bc4 Bd6 7. Qe2+ Qe7 8.
Qxe7+ Kxe7 9. O-O Rd8 10. d4 Kf8 11. Re1 Na6 12. a3 Nc7 13. Bf1 Bg4 14. h3 Bxf3 15. gxf3 Ne6 16. c3 Bf4 17. Rxe6 Bxc1 18. Re2 Bf4 19. Rae1 Re8 20. Rxe8+ Rxe8 21. Rd1 f5 22.
Bc4 Ke7 23. Kf1 Kf6 24. d5 c5 25. d6 Rd8 26. d7 a6 27. a4 g6 28. Rd5 Bc1 29. b4 cxb4 30. cxb4 Ke7 31. b5 a5 32. b6 Rxd7 33. Rxa5 Rd1+ 34. Kg2 Ba3 35. Ra7 Rd7 36. Bb5 Rd2 37. Rxb7+ Kf6 38. Rc7 Bd6 39. Rc6 Kg5 40. Rxd6 Rxd6 41. a5 Rd5 42. Bc6 Rxa5 43. b7 Ra6 44.
b8=Q Rxc6 45. Qd8+ Kh5 46. Qe7 h6 47. Qxf7 Rd6 48.
f4 Rd3 49. Qe8 Rc3 50. Qe2+ Kh4 51. Qe7+ Kh5 52. f3 Rc1 53. Qe3 Rb1 54. Kg3 Ra1 55. Qc5 Rd1 56. Qe7 Rg1+ 57. Kf2 Rb1 58. Qe3 Ra1 59.
Kg3 Rb1 60. h4 Ra1 61. Kh3 Rb1 62. Qf2 Rb3 63. Qg2 Ra3 64. Qg3 Rb3 65. Qf2 Ra3 66. Qe2 Rb3 67. Qf2 Ra3 68. Qg2 Rb3 69. Qg3 Ra3 70. Qg2 Rb3 71. Qg3 Ra3 72. Qg2 1/2-1/2

[Event "*** Titled Tuesday Blitz"]
[Site "Chess.com"]
[Date "2020.04.14"]
[Round "3"]
[White "malandragem"]
[Black "TV27"]
[Result "1-0"]
[WhiteElo "2508"]
[BlackElo "2071"]
[TimeControl "180+1"]
[EndTime "10:29:52 PDT"]
[Termination "malandragem won on time"]

1. d4 f5 2. c4 Nf6 3. g3 g6 4. Bg2 Bg7 5. Nh3 d6 6. O-O O-O 7. d5 c6 8. Nf4 cxd5 9. cxd5 Na6 10. Nd2 Nc7 11. Nb3 g5 12. Nh3 h6 13. f4 g4 14.
Nf2 e6 15. dxe6 Nxe6 16. Be3 Qe7 17. Qd2 h5 18. Rfd1 Rd8 19. Nd4 Nxd4 20. Bxd4 Be6 21. e4 Nxe4 22. Nxe4 fxe4 23. Bxe4 Rac8 24. Bxg7 Qxg7 25.
Rac1 Rxc1 26. Rxc1 h4 27. Bd5 Qf7 28. Bxe6 Qxe6 29.
Rc7 Re8 30. Qc3 Qe1+ 31. Qxe1 Rxe1+ 32. Kf2 Rh1 33. Kg2 Ra1 34. gxh4 Rxa2 35. Rxb7 d5 36. Kg3 d4 37. Kxg4 d3 38. Kf3 d2 39. Ke2 Ra4 40.
Kxd2 Rxf4 41. Rxa7 Rxh4 42. Re7 Rxh2+ 43. Kc3 Kf8 44. Re4 Rh7 45. b4 Re7 46. Rd4 Ke8 47.
Kc4 Rd7 48. Re4+ Kd8 49. Kc5 Kc7 50. b5 Rh7 51. b6+ Kb7 52. Re5 Rg7 53. Rd5 Rh7 54.
Kb5 Rg7 55. Kc5 Rh7 56. Re5 Rg7 57. Rf5 Re7 58. Rg5 Rf7 59. Re5 Rd7 60. Rf5 Rg7 61.
Re5 Re7 62. Rxe7+ Ka6 63. b7 Ka5 64. Kc6 Kb4 65. Re5 Kc4 66. b8=Q Kd4 67. Rd5+ Ke4 68. Qe8+ 1-0

[Event "*** Titled Tuesday Blitz"]
[Site "Chess.com"]
[Date "2020.04.14"]
[Round "3"]
[White "AlRayyan2022"]
[Black "BillieKimbah"]
[Result "0-1"]
[WhiteElo "2628"]
[BlackElo "2837"]
[TimeControl "180+1"]
[EndTime "10:29:57 PDT"]
[Termination "BillieKimbah won on time"]

1. e4 e5 2. Nf3 Nc6 3. Nc3 Nf6 4. a3 d5 5. Bb5 d4 6. Ne2 Bd6 7. Ng3 O-O 8. O-O Ne7 9. c3 c5 10. b4 b6 11. bxc5 bxc5 12. cxd4 cxd4 13. d3 Ng6 14. Bc4 h6 15. Rb1 Re8 16. h3 Be6 17. Bxe6 Rxe6 18. Nf5 Bf8 19. Qa4 Nd7 20. Bd2 Nc5 21. Qc4 Rc8 22.
Rfc1 Rec6 23. a4 Nxe4 24. Qxc6 Rxc6 25. Rxc6 Nxd2 26. Nxd2 Qd7 27. Rxg6 fxg6 28. Ng3 Qxa4 29. Nf3 Qc2 30. Rb8 Qxd3 31. Nxe5 Qd1+ 32. Kh2 Qa4 33.
Nxg6 Kf7 34. Nxf8 d3 35. Rd8 d2 36. Rxd2 Kxf8 37. Rd8+ Kf7 38. Ra8 a5 39. f4 Qb4 40.
Ra7+ Kg8 41. Nh5 a4 42. Rxg7+ Kf8 43. Ra7 a3 44. Nf6 Qxf4+ 45. Kh1 Qf1+ 46. Kh2 Qf4+ 47.
Kh1 Qf1+ 48. Kh2 Qxf6 49. Rxa3 Qd6+ 50. Rg3 h5 51. h4 Kf7 52. Kh3 Qe6+ 53. Kh2 Qe5 54.
Kh3 Qf5+ 55. Kh2 Qf4 56. Kh3 Qf5+ 57. Kh2 Qf4 58. Kh3 Ke6 59. Rg5 Qe3+ 60. Kh2 Qf4+ 61. Kh3 Qe3+ 62. Kh2 Qe2 63. Kh3 Kf6 64. Kh2 Qd1 65. Rg3 Qd6 66. Kh3 Qd7+ 67. Kh2 Qd6 68. Kh3 Qe6+ 0-1

[Event "*** Titled Tuesday Blitz"]
[Site "Chess.com"]
[Date "2020.04.14"]
[Round "3"]
[White "Fighterman91"]
[Black "Witaliss"]
[Result "1-0"]
[WhiteElo "2694"]
[BlackElo "2422"]
[TimeControl "180+1"]
[EndTime "10:29:57 PDT"]
[Termination "Fighterman91 won on time"]

1. d4 d5 2. Bf4 c6 3. e3 Nf6 4. Nf3 Bg4 5. c4 e6 6. Qb3 Qb6 7. c5 Qxb3 8. axb3 Bxf3 9. gxf3 Nbd7 10. b4 a6 11. b5 cxb5 12. Bxb5 Be7 13. c6 bxc6 14.
Bxc6 Rc8 15. Rxa6 O-O 16. Nc3 Nb8 17. Bxb8 Rxb8 18. Ra2 Rfc8 19. Ba4 Bb4 20. Kd2 Ba5 21. Bc2 Bb4 22. Bd3 Nd7 23. Rc1 g6 24. Kd1 Nb6 25.
Ne2 Kg7 26. Rxc8 Nxc8 27. b3 g5 28. f4 h6 29. fxg5 hxg5 30. Ra6 Bd6 31. Rc6 Bxh2 32. Kc2 Ne7 33. Ra6 g4 34. Kd2 Rxb3 35. Bc2 Rb7 36. Ra8 f5 37. Ra1 Bd6 38. Ra6 Rd7 39. Ba4 Rd8 40.
Nc1 Ng8 41. Nd3 Nf6 42. Ra7+ Kg6 43. Ke2 Ne4 44. Bd7 Kf6 45. Bc6 Nc3+ 46. Kd2 Ne4+ 47. Ke2 Rc8 48. Ra6 g3 49. fxg3 Nxg3+ 50. Kf3 Ne4 51. Nf2 Rg8 52. Nxe4+ dxe4+ 53. Kf2 Bg3+ 54. Kf1 Rb8 55. Bd7 Rb2 56. Bxe6 Kg5 57. Ra5 Rf2+ 58. Kg1 Rf3 59. Kg2 Kg4 60. Bxf5+ Kh4 61. Bxe4 Rxe3 62. Bf3 Rxf3 63. Kxf3 Bh2 64. Rb5 Bg1 65. d5 Kg5 66. Ke4 Kf6 67. Rb1 Bc5 68. Rf1+ Ke7 69.
Rh1 1-0

[Event "*** Titled Tuesday Blitz"]
[Site "Chess.com"]
[Date "2020.04.14"]
[Round "3"]
[White "Rsnr"]
[Black "viktorskliarov"]
[Result "1-0"]
[WhiteElo "2871"]
[BlackElo "2643"]
[TimeControl "180+1"]
[EndTime "10:30:02 PDT"]
[Termination "Rsnr won by checkmate"]

1. d4 Nf6 2. c4 e6 3. Nf3 b6 4.
a3 Bb7 5. Nc3 d5 6. Bg5 Be7 7.
Bxf6 Bxf6 8. cxd5 exd5 9. g3 O-O 10. Bg2 Re8 11. O-O Nd7 12. Rc1 c6 13. e3 Nf8 14.
Qc2 Ne6 15. Rfd1 Ng5 16. Ne5 Rc8 17. f4 Ne6 18. b4 b5 19. e4 Qb6 20. Qf2 Rcd8 21. exd5 cxd5 22. h4 a5 23. Bf1 axb4 24.
axb4 Be7 25. Bxb5 Bxb4 26. Bxe8 Rxe8 27. Rb1 Qd6 28. Qb2 Bxc3 29. Qxc3 Ba6 30. Qc6 Qxc6 31. Nxc6 h5 32. Re1 g6 33. Re5 Bc4 34. Rbe1 Kg7 35.
f5 gxf5 36. Rxf5 Rc8 37. Ne5 Rc7 38. Nf3 Ra7 39. Rxh5 Bd3 40. Rxd5 Ra2 41. Rde5 Bc4 42. h5 Bd3 43. R1e3 Bb1 44. d5 Nf8 45. d6 Kf6 46.
Rd5 Nd7 47. Rd2 Ra6 48. g4 Bh7 49. g5+ Kg7 50. Kf2 Nc5 51. Rd4 Ne6 52. d7 Nd8 53. Re8 Ra2+ 54. Kg3 Ra8 55. Rc4 Bf5 56. Rc8 Bxd7 57.
Rxa8 Bxe8 58. Rxd8 Bc6 59. Nd4 Be4 60. Rd7 Bb1 61.
Kf4 Kg8 62. Nf5 Ba2 63. h6 Kh8 64. g6 fxg6 65. Nh4 Bb1 66. Kg5 Kg8 67. Rg7+ Kh8 68. Nxg6+ Bxg6 69. Rxg6 Kh7 70. Kh5 Kh8 71. Ra6 Kh7 72.
Ra7+ Kg8 73. Kg6 Kh8 74. Ra8# 1-0

[Event "*** Titled Tuesday Blitz"]
[Site "Chess.com"]
[Date "2020.04.14"]
[Round "3"]
[White "FROGGY64"]
[Black "JozefKneht"]
[Result "0-1"]
[WhiteElo "2377"]
[BlackElo "2606"]
[TimeControl "180+1"]
[EndTime "10:30:03 PDT"]
[Termination "JozefKneht won by resignation"]

1. d4 d5 2. c4 e6 3. Nf3 Nf6 4. g3 Be7 5. Bg2 O-O 6. O-O dxc4 7.
Qc2 a6 8. a4 Bd7 9. Qxc4 Bc6 10. Bf4 Bd6 11. Bg5 a5 12. Nbd2 Bd5 13. Qc1 Bxf3 14.
Bxf3 c6 15. Nc4 Be7 16. Rd1 Na6 17. Ne5 Nb4 18. h4 Nd7 19. Bxe7 Qxe7 20. Nc4 Qd8 21. e4 Nb6 22. Ne3 Qe7 23. Qc3 Rfd8 24. Bg2 Rd7 25. Qc5 Qd8 26. b3 h6 27. Rac1 Re7 28. Kh2 Nd7 29. Qd6 Nf6 30. Qf4 Rd7 31. Qe5 Rc8 32. f4 b6 33. f5 Re7 34. Qf4 Qe8 35. e5 Nfd5 36. Nxd5 cxd5 37. Rxc8 Qxc8 38. f6 Rc7 39. fxg7 Kxg7 40. Rf1 Qd8 41. Qg4+ Kh7 42. Rf6 Qg8 43. Qf4 Qg7 44. g4 Nd3 45. Qe3 Nb4 46.
g5 hxg5 47. hxg5 Kg8 48. g6 fxg6 49. Qg5 Qh7+ 50. Kg3 Rc3+ 51. Bf3 Kg7 52. Rxe6 Rxf3+ 53. Kxf3 Qh3+ 54. Ke2 Qxe6 55. Qd8 Nc6 56. Qc7+ Ne7 57. Qd8 g5 58. Qe8 g4 59. Qh5 Qf5 60. Qh4 Ng6 61. Qd8 Qe4+ 62. Kf1 Qf3+ 63. Ke1 g3 64. Qd7+ Qf7 65.
Qg4 Qf2+ 66. Kd1 g2 67. Qd7+ Qf7 68. Qg4 Qf1+ 69. Kc2 g1=Q 70. Qd7+ Qf7 71. e6 Qf2+ 0-1

[Event "*** Titled Tuesday Blitz"]
[Site "Chess.com"]
[Date "2020.04.14"]
[Round "3"]
[White "Haykoooo0o"]
[Black "MilanovicDan"]
[Result "0-1"]
[WhiteElo "2606"]
[BlackElo "2411"]
[TimeControl "180+1"]
[EndTime "10:30:05 PDT"]
[Termination "MilanovicDan won by checkmate"]

1. d4 Nf6 2. c4 c5 3. d5 b5 4. cxb5 a6 5. b6 g6 6. Nc3 Bg7 7. a4 Qxb6 8. a5 Qb4 9. Ra4 Qb7 10. Nf3 O-O 11. Rh4 d6 12. e4 Qc7 13. Bh6 Qxa5 14.
Qd2 Nbd7 15. Be2 Re8 16. Bxg7 Kxg7 17. Qh6+ Kg8 18. O-O Nf8 19. Ng5 Rb8 20. Nd1 Qd2 21. Bf3 Rb4 22. Ne3 Qxb2 23. h3 a5 24. Bg4 Nxe4 25.
Nxh7 Qg7 26. Qxg7+ Kxg7 27. Nxf8 Rxf8 28. Ra1 Bxg4 29.
Rxg4 Ra8 30. Nc2 Rc4 31. Ne3 Rb4 32. Nc2 Rb2 33. Rxe4 Rxc2 34. Rxe7 Rb2 35. Re4 Rb4 36. Re3 a4 37. Rea3 Kf6 38. g4 Ke5 39. Rd1 Rb3 40.
Ra2 a3 41. Re2+ Kf6 42. Ra2 Rb2 43. Raa1 a2 44. Kg2 Ke5 45. Kg3 Ra3+ 46. f3 Rbb3 47. Rf1 Kxd5 48. h4 c4 49. h5 gxh5 50. gxh5 Kc5 51. h6 Rb8 52. h7 d5 53. Kf4 d4 54.
Rg1 Rh8 55. Rg5+ Kb4 56. Rd5 d3 57. Rh5 c3 58. Ke3 d2 59. Ke2 Kb3 60. Rb5+ Kc2 61.
Rh5 Raa8 62. Rhh1 Rae8+ 63. Kf2 Ra8 64. f4 Kb2 65. f5 c2 66. Ke2 c1=Q 67. Rd1 Qxa1 68.
Rxd2+ Kc3 69. Rd3+ Kc4 70. Rd2 Qe5+ 71. Kf3 Rxh7 72. Kg2 Qe4+ 73. Kf2 Qf4+ 74. Ke2 Qxd2+ 75.
Kxd2 Rh2+ 76. Ke3 a1=Q 77. f6 Qe5+ 78. Kf3 Rh3+ 79. Kg4 Rg3+ 80. Kh4 Qg5# 0-1